 Dungeon Crawl Stone Soup version 0.26-a0-259-g1effd001a9 (webtiles) character file.

Game seed: 14836866071420710872

326 night the Chiller (level 6, -2/41 HPs)
             Began as a Merfolk Ice Elementalist on July 24, 2020.
             Slain by a wyvern zombie (10 damage)
             ... on level 3 of the Dungeon on July 25, 2020.
             The game lasted 00:06:24 (2607 turns).

night the Chiller (Merfolk Ice Elementalist)        Turns: 2607, Time: 00:06:24

Health: -2/41      AC:  4    Str:  7 (8)  XL:     6   Next: 49%
Magic:  9/11       EV: 13    Int: 14 (17) God:
Gold:   77         SH:  0    Dex: 13 (14) Spells: 8/12 levels left

rFire    . . .     SeeInvis .   l - -1 whip (curse)
rCold    . . .     Faith    +   (no shield)
rNeg     . . .     Spirit   .   a - +0 robe
rPois    .         Reflect  .   k - +1 hat
rElec    .         Harm     .   p - +0 cloak
rCorr    .                      (no gloves)
MR       .....                  (no boots)
Stlth    ++........             d - amulet of faith
HPRegen  0.13/turn              (no ring)
MPRegen  0.12/turn              (no ring)

@: frozen ramparts
A: change form in water, swift swim, stealthy swim
a: no special abilities


You were on level 3 of the Dungeon.
You were not hungry.

You visited 1 branch of the dungeon, and saw 3 of its levels.

You collected 77 gold pieces.

Inventory:

Hand Weapons
 f - a +0 dagger
 l - a cursed -1 whip (weapon)
 o - a +0 dagger of venom
Missiles
 b - 100 stones (quivered)
Armour
 a - a +0 robe (worn)
 k - a +1 hat (worn)
 p - a +0 cloak (worn)
Jewellery
 d - an amulet of faith (around neck)
Wands
 q - a wand of flame (11)
Scrolls
 g - 5 scrolls of identify
Potions
 e - a potion of might
 j - a potion of ambrosia
 n - a potion of stabbing {unknown}
Comestibles
 c - 12 rations


   Skills:
 - Level 2.6 Dodging
 - Level 2.1 Stealth
 + Level 3.8 Spellcasting
 * Level 7.3 Ice Magic


You had 8 spell levels left.
You knew the following spells:

 Your Spells              Type           Power        Failure   Level
a - Freeze                Ice            ###.         1%          1
b - Frozen Ramparts       Ice            ###...       3%          3

Your spell library contained the following spells:

 Spells                   Type           Power        Failure   Level
 Ozocubu's Armour         Chrm/Ice       ##......     13%         3
 Hailstorm                Conj/Ice       ##......     41%         4
 Summon Ice Beast         Ice/Summ       ##......     41%         4


Dungeon Overview and Level Annotations

Branches:
Dungeon (3/15)

Altars:
The Shining One


Message History

Aiming: Throw Flame
Press: ? - help, Shift-Dir - straight line, f/p - wyvern zombie
Aim: a wyvern zombie (severely damaged)
The puff of flame hits the wyvern zombie.
The wyvern zombie is severely damaged.
The wyvern zombie completely resists.
The wall freezes the wyvern zombie but do no damage.
The wyvern zombie closely misses you.
Evoke which item? (* to show all) (? for menu, Esc to quit)
Aiming: Throw Flame
Press: ? - help, Shift-Dir - straight line, f/p - wyvern zombie
Aim: a wyvern zombie (severely damaged)
The puff of flame hits the wyvern zombie.
The wyvern zombie is almost destroyed.
The wyvern zombie completely resists.
The wall freezes the wyvern zombie but do no damage.
The wyvern zombie misses you.
The wyvern zombie completely resists.
The wall freezes the wyvern zombie but do no damage.
The wyvern zombie bites you!
You die...

..##.###**************
*,* *,* *,
..##[..#*,*,**,**,,,,*
*,* *,* *,
..###..#*,#,**,***,*,*
*,* *,***, #.#
#).#*.#.**,***,*,* *,*
*,,,,, #.#
#†.#.#..#*,,,,,,,***,*
****** #.#
#[..#*#.#*****,,,,,*,**
* #.# #.##.#..#
*****,,,,* *
#.###.#*#.#.######
*,,,,* * ...##.#
*##.##..@## *,,,,* *
....#.# #.#.###Z##
*,**** * ......# #..##
##.##*,* *
......#####.## ##.#*,*
* ...#........# #....#
* #.##........#*
*#.##.# *
#.##########.#*
**.##*,#********* #.#
*#.#**,#**,,,,,,,,,,,,
#.#
*#..,,,,,,,,,********


You could see a wyvern zombie.

Vanquished Creatures
  Sigmund (D:3)
  A bullfrog (D:3)
  Crazy Yiuf (D:3)
  An orc wizard (D:3)
  An adder (D:2)
  An ooze (D:1)
  A leopard gecko (D:3)
  3 orcs (D:3)
  4 giant cockroaches
  4 goblins
  3 hobgoblins
  3 kobolds
  A quokka (D:3)
  5 bats
  2 frilled lizards
  2 rats
34 creatures vanquished.

Notes
Turn   | Place    | Note
-------+----------+-------------------------------------------
     0 | D:1      | night the Merfolk Ice Elementalist began the quest for the
                  | Orb.
     0 | D:1      | Reached XP level 1. HP: 13/13 MP: 3/3
   300 | D:1      | Reached XP level 2. HP: 18/19 MP: 0/5
   786 | D:1      | Reached skill level 5 in Ice Magic
   870 | D:1      | Found a glowing golden altar of the Shining One.
   885 | D:1      | You fall into a shaft and drop 1 floor!
  1228 | D:2      | Reached XP level 3. HP: 17/24 MP: 4/6
  1338 | D:2      | Learned a level 3 spell: Frozen Ramparts
  1883 | D:3      | Reached XP level 4. HP: 30/30 MP: 3/8
  2003 | D:3      | Found a runed translucent door.
  2004 | D:3      | Noticed Crazy Yiuf
  2015 | D:3      | Paralysed by Crazy Yiuf for 6 turns
  2031 | D:3      | Killed Crazy Yiuf
  2214 | D:3      | Noticed a bullfrog
  2221 | D:3      | Killed a bullfrog
  2221 | D:3      | Reached skill level 6 in Ice Magic
  2221 | D:3      | Reached XP level 5. HP: 21/35 MP: 5/9
  2469 | D:3      | Noticed Sigmund
  2488 | D:3      | Killed Sigmund
  2488 | D:3      | Reached skill level 7 in Ice Magic
  2488 | D:3      | Reached XP level 6. HP: 33/41 MP: 4/11
  2594 | D:3      | HP: 1/41 [wyvern zombie (13)]
  2607 | D:3      | Slain by a wyvern zombie

Illustrated notes

Levels and vault maps discovered:
D:1:      minmay_arrival_shattered_statue, layout_basic, serial_bayou_ford_a,
          roderic_serpentine_path, tso_altar
D:2:      layout_basic, chequers_arboretum
D:3:      layout_loops_ring, uniq_crazy_yiuf_cottage, uniq_sigmund

Skill      XL: |  1  2  3  4  5 |
---------------+----------------+-----
Ice Magic      | 5 6 7 |  7.3
Spellcasting   | 3 |  3.8
Dodging        | |  2.6
Stealth        | |  2.1

Action                   |  1- 3 |  4- 6 || total
-------------------------+-------+-------++-------
Melee: Dagger            |     7 |       ||     7
       Whip              |    35 |    16 ||    51
 Cast: Freeze            |    33 |     4 ||    37
       Frozen Ramparts   |     3 |    10 ||    13
Evoke: Wand              |       |     5 ||     5
  Use: Scroll            |     4 |     1 ||     5
       Potion            |       |     4 ||     4
  Eat: Ration            |     1 |     1 ||     2
Armor: Robe              |    15 |     1 ||    16
Dodge: Dodged            |    51 |    27 ||    78

Table legend:
 A = Non-vault XP
 B = Vault XP
 C = Vault XP percentage of total XP
 D = Non-vault monster count
 E = Vault monster count
 F = Vault count percentage of total count
                 A         B        C        D         E       F
            +---------+---------+-------+---------+---------+-------
      Total |     202 |     265 |  56.7 |      32 |       2 |   5.9
            +---------+---------+-------+---------+---------+-------
        D:1 |      27 |       0 |   0.0 |      12 |       0 |   0.0
        D:2 |      26 |       0 |   0.0 |      10 |       0 |   0.0
        D:3 |     149 |     265 |  64.0 |      10 |       2 |  16.7
            +---------+---------+-------+---------+---------+-------
